 Dungeon Crawl Stone Soup version 0.30.1 (webtiles) character file.

Game seed: 2839265920455656765

224 Peloso the Slasher (level 5, 0/47 HPs)
             Began as a Minotaur Fighter on July 4, 2023.
             Slain by Duvessa
             ... wielding a +0 short sword
              (7 damage)
             ... on level 4 of the Dungeon.
             The game lasted 00:07:06 (2271 turns).

Peloso the Slasher (Minotaur Fighter)               Turns: 2271, Time: 00:07:06

Health: 0/47       AC: 10    Str: 20    XL:     5   Next: 67%
Magic:  4/4        EV:  8    Int:  5    God:
Gold:   84         SH:  5    Dex: 12    Spells: 4/4 levels left

rFire   . . .        a - +0 long sword
rCold   . . .        d - +0 buckler
rNeg    . . .        b - +0 chain mail
rPois   .            (helmet restricted)
rElec   .            (no cloak)
rCorr   .            (no gloves)
SInv    .            c - +0 pair of boots
Will    +....        (no amulet) Stlth
                     m - ring of willpower
HPRegen 0.27/turn    (no ring)
MPRegen 0.09/turn

%: no passive effects
@: no status effects
A: horns 2, retaliatory headbutt
a: no special abilities


You were on level 4 of the Dungeon.
You visited 1 branch of the dungeon, and saw 4 of its levels.

You collected 150 gold pieces.
You spent 66 gold pieces at shops.

Inventory:

Hand Weapons
 a - a +0 long sword (weapon)
Armour
 b - a +0 chain mail (worn)
 c - a +0 pair of boots (worn)
 d - a +0 buckler (worn)
Jewellery
 m - a ring of willpower (left hand)
Wands
 r - a wand of flame (21)
Scrolls
 e - 2 scrolls of noise
 g - 4 scrolls of identify
 h - a scroll of blinking {unknown}
 k - 2 scrolls of amnesia {unknown}
 l - a scroll of poison {unknown}
 o - a scroll of teleportation
 q - a scroll of silence {unknown}
Potions
 f - 4 potions of might
 i - 3 potions of degeneration {unknown}
 j - 3 potions of attraction {unknown}
 n - 3 potions of brilliance {unknown}
 p - a potion of heal wounds


   Skills:
 + Level 4.4 Fighting
 + Level 5.0 Long Blades
 + Level 4.8 Armour
 + Level 1.7 Dodging
 + Level 4.2 Shields


You had 4 spell levels left.
You didn't know any spells.
Your spell library contained the following spells:

 Spells                   Type           Power      Damage    Failure   Level
 Ensorcelled Hibernation  Hex/Ice        0%         N/A       100%        2
 Lesser Beckoning         Tloc           0%         N/A       100%        2
 Gell's Gravitas          Tloc           0%         N/A       100%        3
 Spider Form              Tmut/Pois      0%         N/A       100%        3
 Teleport Other           Tloc           0%         N/A       100%        3
 Anguish                  Hex/Necr       0%         N/A       100%        4


Dungeon Overview and Level Annotations

Branches:
Dungeon (4/15)
 Temple: D:4-7

Altars:
Wu Jian

Shops:
D:2 !   D:3 ?

Annotations:
D:4 Duvessa


Innate Abilities, Weirdness & Mutations

You have a pair of horns on your head.
You reflexively headbutt those who attack you in melee.


Message History

Dowan is lightly wounded.
You block Duvessa's attack. Dowan closely misses you.
You hit Dowan.
Dowan is lightly wounded.
You block Duvessa's attack. Dowan hits you with a +0 dagger.
Duvessa hits you but does no damage.
You slash Dowan! You headbutt Dowan!
Dowan is almost dead.
Duvessa hits you but does no damage. Dowan casts a spell at you.
The puff of flame hits you! You block Duvessa's attack.
Dowan hits you but does no damage.
You hit Dowan.
Dowan is almost dead.
Duvessa hits you but does no damage. Duvessa misses you.
Dowan closely misses you. You furiously retaliate!
You headbutt Dowan.
You kill Dowan!
Duvessa screams in rage.
Duvessa goes berserk!
Your Long Blades skill increases to level 5!
You block Duvessa's attack.
Things that are here:
a +0 dagger; a +0 robe Unknown command.
You hit Duvessa but do no damage. You headbutt Duvessa.
Duvessa is heavily wounded.
Duvessa hits you with a +0 short sword! Duvessa hits you with a +0 short sword.
You closely miss Duvessa. Your headbutt misses Duvessa.
Duvessa is heavily wounded.
Duvessa hits you with a +0 short sword. x2
* * * LOW HITPOINT WARNING * * *
You hit Duvessa but do no damage.
Duvessa is heavily wounded.
Duvessa hits you with a +0 short sword.
* * * LOW HITPOINT WARNING * * *
Duvessa hits you but does no damage.
You hit Duvessa.
Duvessa is severely wounded.
Duvessa hits you with a +0 short sword!
You die...

+ .. .....#. #######.. ##
#....#. #.......#########§
#....+..#.......#......###
#....#..#.......#.........
#....#..e@......#......###
#....####.......#...##..#§
#...............#...######
+...†...........#...##....
#........########...##....
#........#...#............
#........#...'............
#........#...#.......(....
#........##############'##


You could see Duvessa (berserk, fast).

Vanquished Creatures
  Dowan (D:4)
  4 gnolls
  4 adders
  An ufetubus (D:3)
  2 worms
  4 dart slugs
  6 orcs (D:3)
  3 ball pythons
  5 bats
  4 endoplasms
  4 giant cockroaches
  6 goblins
  8 hobgoblins
  6 jackals
  3 quokkas
  3 frilled lizards
  3 kobolds
  5 rats
72 creatures vanquished.

Notes
Turn   | Place    | Note
-------+----------+-------------------------------------------
     0 | D:1      | Peloso the Minotaur Fighter began the quest for the Orb.
     0 | D:1      | Reached XP level 1. HP: 19/19 MP: 0/0
   118 | D:1      | Reached XP level 2. HP: 27/27 MP: 1/1
   580 | D:1      | Reached XP level 3. HP: 33/33 MP: 2/2
   597 | D:1      | You fall into a shaft and drop 1 floor!
   771 | D:2      | Reached skill level 3 in Long Blades
   948 | D:2      | Found Anytipug's Distillery.
  1200 | D:3      | Reached XP level 4. HP: 34/40 MP: 3/3
  1281 | D:3      | Reached skill level 1 in Dodging
  1419 | D:3      | Reached skill level 4 in Long Blades
  1482 | D:3      | Reached XP level 5. HP: 42/47 MP: 4/4
  1721 | D:3      | Found Otuar's Magic Scroll Shoppe.
  1724 | D:3      | Bought a scroll of noise for 11 gold pieces
  1724 | D:3      | Bought a scroll of identify for 22 gold pieces
  1724 | D:3      | Bought a scroll of teleportation for 33 gold pieces
  2186 | D:4      | Found an ornate altar of the Wu Jian Council.
  2256 | D:4      | Noticed Dowan
  2258 | D:4      | Noticed Duvessa
  2266 | D:4      | Killed Dowan
  2267 | D:4      | Reached skill level 5 in Long Blades
  2271 | D:4      | Slain by Duvessa

Illustrated notes

Levels and vault maps discovered:
D:1:      spicycebolla_arrival_clurvy, layout_basic
D:2:      layout_rooms, serial_shops, shop, minmay_misc_feat_secret_circle
D:3:      layout_basic, serial_shops, nicolae_shop_real_fake_doors,
          hangedman_abyss_or_decor_lesser_grid
D:4:      layout_gridville, pdpol_wu_jian_five_deadly_venoms, uniq_duvessa

Skill      XL: |  1  2  3  4  5 |
---------------+----------------+-----
Armour         | 4 |  4.8
Shields        | 4 |  4.2
Fighting       | 4 |  4.4
Long Blades    | 3 4 5 |  5.0
Dodging        | 1 |  1.7

Action                     |  1- 3 |  4- 6 || total
---------------------------+-------+-------++-------
  Melee: Long sword        |    88 |    69 ||   157
         Headbutt          |    12 |    20 ||    32
    Use: Potion            |     3 |       ||     3
 Armour: Scale mail        |    49 |    11 ||    60
         Chain mail        |       |     6 ||     6
  Dodge: Dodged            |    43 |    44 ||    87
  Block: Buckler           |    12 |    14 ||    26
